 Dungeon Crawl Stone Soup version 0.32-a0-685-g93135e86f0 (webtiles) character file.

Game seed: 10385710152478702981

59096 croobank the Summoner (level 14, -5/91 (95) HPs)
             Began as a Human Hexslinger on Mar 11, 2024.
             Was a High Priest of Hepliaklqana.
             Slain by a yak (12 damage)
             ... on level 5 of the Lair of Beasts on Mar 12, 2024.
             The game lasted 01:51:07 (21976 turns).

croobank the Summoner (Human Hexslinger)           Turns: 21976, Time: 01:51:07

HP:   -5/91 (95)    AC: 11    Str: 13    XL:     14   Next: 93%
MP:   0/25          EV: 18    Int: 24    God:    Hepliaklqana [*****.]
Gold: 387           SH:  0    Dex: 22    Spells: 9/28 levels left

rFire   + . .        r - +10 arbalest of the Mouth {flame, rF+ rC+}
rCold   + . .        (shield currently unavailable)
rNeg    . . .        v - +3 leather armour {rPois}
rPois   +            g - +1 helmet
rElec   .            c - +1 cloak
rCorr   .            x - +0 pair of gloves
SInv    .            (no boots)
Will    ++...        l - amulet of guardian spirit
Stlth   ++           A - +6 ring of intelligence
HPRegen 0.35/turn    i - ring "Omnus" {Will+ Str+5 Dex+5}
MPRegen 0.19/turn

%: guardian spirit
@: studying Armour, lightly drained
A: reduced essence, explore regen
a: Renounce Religion, Recall Ancestor, Ancestor Identity, Transference, Idealise


You were on level 5 of the Lair of Beasts.
You worshipped Hepliaklqana.
Hepliaklqana was extremely pleased with you.
You visited 2 branches of the dungeon, and saw 16 of its levels.
You also visited: Bailey, Gauntlet and Volcano.

You collected 1507 gold pieces.
You spent 1120 gold pieces at shops.

Inventory:

Hand Weapons
 a - the +7 dagger of Bufi {spect, rCorr Str+6}
   (You found it on level 8 of the Dungeon)

   Str+6:     It affects your strength (+6).
   rCorr:     It protects you from acid and corrosion.
 k - the +4 hand axe of the Tent {spect, Str+2 Int+5}
   (You took it off a minotaur in a Gauntlet)

   Str+2:     It affects your strength (+2).
   Int+5:     It affects your intelligence (+5).
 r - the +10 arbalest of the Mouth (weapon) {flame, rF+ rC+}
   (You found it on level 10 of the Dungeon)

   rF+:       It protects you from fire.
   rC+:       It protects you from cold.
 N - the +0 spear of Taxation {protect, Will+ Int+4 Dex-2 Stlth+}
   (You found it on level 2 of the Lair of Beasts)

   Int+4:     It affects your intelligence (+4).
   Dex-2:     It affects your dexterity (-2).
   Will+:     It increases your willpower.
   Stlth+:    It makes you more stealthy.
 Q - a +3 long sword of holy wrath
Missiles
 m - 4 datura-tipped darts
 w - 17 boomerangs
 K - 7 curare-tipped darts
 M - 4 throwing nets
 T - 10 javelins
Armour
 c - a +1 cloak (worn)
 g - a +1 helmet (worn)
 v - a +3 leather armour of poison resistance (worn)
 x - a +0 pair of gloves (worn)
 J - +0 fire dragon scales
Jewellery
 b - a +5 ring of evasion
 d - a ring of willpower
 f - a ring of flight
 h - a ring of magical power
 i - the ring "Omnus" (right hand) {Will+ Str+5 Dex+5}
   (You found it in a Gauntlet)

   [ring of willpower]

   Str+5:     It affects your strength (+5).
   Dex+5:     It affects your dexterity (+5).
   Will+:     It increases your willpower.
 l - an amulet of guardian spirit (around neck)
 n - a +6 ring of intelligence
 p - a +6 ring of dexterity
 q - a ring of magical power
 A - a +6 ring of intelligence (left hand)
 R - a ring of ice
 U - a +4 ring of protection
Wands
 u - a wand of roots (30)
 C - a wand of mindburst (18)
 D - a wand of flame (38)
 E - a wand of charming (17)
Scrolls
 e - a scroll of enchant weapon
 s - 2 scrolls of amnesia
 y - 2 scrolls of immolation
 F - a scroll of silence
 H - 2 scrolls of poison
 L - a scroll of vulnerability
 P - a scroll of identify
 V - 2 scrolls of teleportation
Potions
 j - 5 potions of might
 o - 6 potions of berserk rage
 t - 2 potions of brilliance
 z - 2 potions of haste
 B - 2 potions of magic
 G - 7 potions of heal wounds
 O - 3 potions of attraction
 W - 2 potions of resistance
 Z - a potion of mutation


   Skills:
 * Level 8.8 Fighting
 + Level 9.1 Ranged Weapons
 + Level 0.3 Armour
 * Level 8.9 Dodging
 * Level 0.5 Stealth
 * Level 7.9 Spellcasting
 - Level 7.0 Conjurations
 - Level 9.0 Hexes
 + Level 10.6 Summonings
 - Level 3.0 Translocations
 - Level 7.0 Fire Magic
 - Level 5.0 Air Magic
 - Level 5.0 Alchemy
 - Level 7.5 Invocations


You had 9 spell levels left.
You knew the following spells:

 Your Spells              Type           Power      Damage    Failure   Level
a - Jinxbite              Hex            100%       N/A       1%          2
b - Inner Flame           Hex/Fire       48%        N/A       1%          3
c - Apportation           Tloc           46%        N/A       2%          1
d - Mephitic Cloud        Conj/Alch/Air  36%        N/A       2%          3
e - Fireball              Conj/Fire      21%        3d10      13%         5
f - Summon Mana Viper     Hex/Summ       54%        N/A       4%          5

Your spell library contained the following spells:

 Spells                   Type           Power      Damage    Failure   Level
 Sting                    Conj/Alch      100%       1d9       1%          1
 Summon Small Mammal      Summ           100%       N/A       1%          1
 Call Imp                 Summ           100%       N/A       1%          2
 Ensorcelled Hibernation  Hex/Ice        62%        N/A       1%          2
 Mercury Vapours          Alch/Air       66%        N/A       1%          2
 Static Discharge         Conj/Air       76%        3-7/arc   1%          2
 Dazzling Flash           Conj/Hex       96%        N/A       1%          3
 Sigil of Binding         Hex            52%        N/A       1%          3
 Cause Fear               Hex            26%        N/A       1%          4
 Summon Lightning Spire   Summ/Air       47%        N/A       3%          4
 Dimensional Bullseye     Hex/Tloc       19%        N/A       7%          4
 Necrotise                Necr           36%        1d5       9%          1
 Airstrike                Air            16%        2d(3-19)  11%         4
 Sublimation of Blood     Necr           9%         N/A       13%         2
 Anguish                  Hex/Necr       15%        N/A       13%         4
 Summon Forest            Summ/Tloc      21%        N/A       14%         5
 Vhi's Electric Charge    Tloc/Air       56%        N/A       16%         4
 Summon Cactus Giant      Summ           28%        N/A       16%         6
 Arcjolt                  Conj/Air       19%        1d29      21%         5
 Irradiate                Conj/Alch      19%        3d18      21%         5
 Fugue of the Fallen      Necr           9%         N/A       26%         3
 Petrify                  Alch/Erth      21%        N/A       30%         4
 Freezing Cloud           Conj/Ice/Air   14%        6-21      41%         5
 Summon Hydra             Summ           28%        N/A       65%         7
 Ignition                 Fire           21%        3d8       100%        8
 Maxwell's Capacitive Co  Air            16%        ∞         100%        8
 Dragon's Call            Summ           28%        N/A       100%        9


Dungeon Overview and Level Annotations

Branches:
Dungeon (11/15)            Temple (0/1) D:7            Lair (5/5) D:10
 Shoals (0/4) Lair:2       Spider (0/4) Lair:3        Slime (0/5) Lair:5
    Orc (0/2) D:9          Bailey (visited)         Volcano (visited)
Gauntlet (visited)

Altars:
Ashenzari
Elyvilon
Fedhas
Gozag
Hepliaklqana
Makhleb
Nemelex Xobeh
Trog
Uskayaw
Vehumet
Wu Jian
Yredelemnul
Zin

Shops:
D:1 :

Annotations:
D:5 1 runed translucent door, Crazy Yiuf
Lair:2 2 transporters, Chant0's ghost, journeyman MiFi


Innate Abilities, Weirdness & Mutations

Your life essence is reduced to manifest your ancestor. (-10% HP)
You regain HP and MP as you explore.


Message History

The komodo dragon bites you!
* * * LOW HITPOINT WARNING * * *
The five-headed hydra bites you but does no damage.
The five-headed hydra closely misses you.
The five-headed hydra bites you!
* * * LOW HITPOINT WARNING * * *
The five-headed hydra bites you!
* * * LOW HITPOINT WARNING * * *
The five-headed hydra bites you but does no damage.
Okay, then.
Okay, then.
Okay, then.
Okay, then.
Okay, then.
Casting: Fireball (dangerous; 13% risk of failure)
Confirm with . or Enter, or press ? or * to list all spells.
Okay, then.
Unknown command.
Unknown command.
Okay, then.
Okay, then.
Saving game... please wait.
Welcome back, croobank the Human Hexslinger.
Hepliaklqana says: Your past becomes your present!
Press ? for a list of commands and other information.
Okay, then.
Okay, then.
Okay, then.
Okay, then.
Unknown command.
Okay, then.
Aiming: Charm
Press: ? - help, Shift-Dir - straight line, f - yak
Aim: a yak (severely wounded, chance to affect: 49%)
Okay, then.
Unknown command.
Okay, then.
The yak gores you!
You die...
Hepliaklqana delivers you to your ancestors.

##.. ..# ...~
#P.####..# ..
#...~
...#....###..
#...~
##...P........
.....
###............>
#.#.....†......
###......†...#
#.....#.#.l..#
##....##@YD.##
#.#P...##Y./.Y.Y.
# ##..#####†.#...
##....#.....# .
#..<..........
#.............#
#...........#..
#.#...#..#..###.
##...#.##...


You could see a five-headed hydra, a komodo dragon and 4 yaks.

Vanquished Creatures
  A dire elephant (Lair:5)
  A minotaur (Gauntlet)
  Harold (D:11)
  A hydra (Lair:5)
  A boulder beetle (Lair:4)
  A two-headed ogre (D:10)
  An orange crystal statue (Gauntlet)
  Pikel (D:6)
  A deep elf pyromancer (Volcano)
  A salamander (Volcano)
  A manticore (D:10)
  Maurice (D:9)
  13 elephants
  A moth of wrath (Gauntlet)
  3 molten gargoyles (Volcano)
  3 black mambas
  5 gargoyles
  7 cane toads
  A cane toad (shapeshifter) (D:10)
  An unseen horror (D:10)
  2 rime drakes
  4 komodo dragons
  4 trolls
  A hornet (D:9)
  A polar bear (Lair:4)
  A tyrant leech (Lair:5)
  5 blink frogs
  A tarantella (Lair:3)
  3 slime creatures (D:8)
  Sigmund (D:6)
  4 centaur simulacra (Gauntlet)
  3 wraiths
  A jumping spider (Lair:3)
  49 yaks
  5 wyverns
  A basilisk (Lair:4)
  A vampire mosquito (D:10)
  A warg (D:10)
  2 swamp worms (Lair:5)
  7 water moccasins
  11 orc warriors
  2 ice beasts
  2 sky beasts (D:7)
  5 black bears
  15 wolves
  8 centaurs
  6 ogres
  2 lemures (D:6)
  A phantom (D:5)
  3 kobold brigands
  3 gnoll sergeants
  A cane toad simulacrum (Lair:5)
  5 scorpions
  12 bullfrogs
  3 wights (D:8)
  A hornet simulacrum (Gauntlet)
  A battlemage (Lair:4)
  11 killer bees
  2 electric eels (D:8)
  2 bombardier beetles (D:5)
  7 howler monkeys
  3 hounds (D:4)
  6 orc priests
  A gnoll bouda (D:5)
  Jessica (D:3)
  6 iguanas
  A sleepcap (D:4)
  Ijyb (D:3)
  11 orc wizards
  A polar bear simulacrum (Lair:4)
  4 wolf simulacra (Lair:4)
  A yak simulacrum (Lair:4)
  Robin (D:2)
  24 gnolls
  5 adders
  2 shadow imps (D:6)
  A white imp (D:6)
  2 ufetubi (D:5)
  A ribbon worm (D:2)
  6 dart slugs
  67 orcs
  9 endoplasms
  5 giant cockroaches
  4 hobgoblins
  3 jackals (D:3)
  20 kobolds
  8 ball pythons
  4 bats (D:2)
  3 frilled lizards
  22 goblins
  6 rats
  A river rat simulacrum (Lair:4)
476 creatures vanquished.

Vanquished Creatures (collateral kills)
  Fannar (D:10)
  A catoblepas (Lair:1)
  A death yak (Lair:5)
  A skyshark (Lair:2)
  An arcanist (Volcano)
  A necromancer (Lair:4)
  2 cyclopes (Volcano)
  8 elephants
  2 black mambas
  A merfolk siren (Lair:2)
  2 molten gargoyles (Volcano)
  2 gargoyles (Volcano)
  2 cane toads (Lair:5)
  3 komodo dragons
  A rime drake (Lair:3)
  A polar bear (Lair:1)
  5 blink frogs
  3 slime creatures
  26 yaks
  A wraith (D:11)
  A wyvern (Lair:5)
  2 basilisks
  2 vampire mosquitoes (D:10)
  2 swamp worms (Lair:5)
  4 water moccasins (Lair:5)
  2 orc warriors
  8 wolves
  A kobold brigand (D:9)
  2 bullfrogs (Lair:2)
  A scorpion (Lair:2)
  2 killer bees (D:9)
  A howler monkey (D:10)
  2 jellies (Lair:5)
  An orc wizard (D:11)
  A polar bear simulacrum (Lair:4)
  3 wolf simulacra (Lair:4)
  A gnoll (D:9)
  4 orcs
105 creatures vanquished.

Vanquished Creatures (others)
  5 ancestors
  11 battlemagi
16 creatures vanquished.

Grand Total: 597 creatures vanquished

Notes
Turn   | Place    | Note
-------+----------+-------------------------------------------
     0 | D:1      | croobank the Human Hexslinger began the quest for the Orb.
     0 | D:1      | Reached XP level 1. HP: 15/15 MP: 2/2
   140 | D:1      | Reached XP level 2. HP: 12/21 MP: 3/3
   508 | D:1      | Reached XP level 3. HP: 25/26 MP: 3/5
   511 | D:1      | Learned a level 2 spell: Jinxbite
   610 | D:1      | Found Buopp's Book Emporium.
  1100 | D:3      | Noticed Ijyb
  1205 | D:3      | Reached XP level 4. HP: 17/32 MP: 1/6
  1283 | D:3      | Noticed a scorpion
  1293 | D:3      | Killed a scorpion
  1294 | D:3      | Reached XP level 5. HP: 38/38 MP: 4/7
  1323 | D:2      | Learned a level 3 spell: Inner Flame
  2206 | D:3      | Noticed Robin
  2424 | D:3      | Noticed Jessica
  2431 | D:2      | Killed Robin
  2548 | D:3      | Killed Jessica
  2566 | D:3      | Reached XP level 6. HP: 28/46 MP: 1/9
  3123 | D:3      | Killed Ijyb
  3795 | D:4      | Found a broken altar of Ashenzari.
  3941 | D:4      | Found a sparkling altar of Nemelex Xobeh.
  3941 | D:4      | Found an opulent altar of Gozag.
  4051 | D:4      | Reached XP level 7. HP: 50/51 MP: 8/11
  4544 | D:5      | Entered Level 5 of the Dungeon
  4932 | D:5      | Found a runed translucent door.
  4933 | D:5      | Noticed Crazy Yiuf
  5012 | D:5      | Reached XP level 8. HP: 56/58 MP: 9/13
  5242 | D:5      | Learned a level 1 spell: Apportation
  5246 | D:5      | Learned a level 3 spell: Mephitic Cloud
  6058 | D:6      | Reached skill level 1 in Conjurations
  6122 | D:6      | Reached skill level 1 in Translocations
  6190 | D:6      | Reached skill level 1 in Alchemy
  6206 | D:6      | Noticed Sigmund
  6213 | D:6      | Killed Sigmund
  6214 | D:6      | Reached skill level 5 in Hexes
  6433 | D:6      | Reached XP level 9. HP: 61/65 MP: 9/14
  6696 | D:6      | Noticed Pikel
  6706 | D:6      | Killed Pikel
  6707 | D:6      | Reached skill level 5 in Ranged Weapons
  6707 | D:6      | Reached skill level 5 in Dodging
  6979 | D:6      | Found a burning altar of Makhleb.
  6979 | D:6      | Found a hazy altar of Hepliaklqana.
  7041 | D:6      | Became a worshipper of Hepliaklqana the Forgotten
  7729 | D:7      | Found a flagged portal.
  7764 | Bailey   | Entered a bailey
  7966 | Bailey   | Reached skill level 1 in Invocations
  8462 | Bailey   | Reached skill level 5 in Fighting
  8561 | D:7      | Reached XP level 10. HP: 74/74 MP: 10/16
  8582 | D:7      | Reached skill level 5 in Fire Magic
  8630 | D:7      | Reached skill level 1 in Air Magic
  8730 | D:7      | Found a staircase to the Ecumenical Temple.
  8956 | D:7      | Found a white marble altar of Elyvilon.
  9088 | D:7      | Found a blossoming altar of Fedhas.
  9547 | D:8      | Found a glowing silver altar of Zin.
  9737 | D:8      | Found a basalt altar of Yredelemnul.
  9740 | D:8      | Found a radiant altar of Vehumet.
  9790 | D:8      | Reached * piety under Hepliaklqana
  9952 | D:8      | Reached skill level 5 in Spellcasting
 10082 | D:8      | Identified the +7 dagger of Bufi {spect, rCorr Str+6}
 11057 | D:9      | Reached XP level 11. HP: 72/72 MP: 13/18
 11519 | D:9      | Noticed a centaur warrior
 11520 | D:9      | Noticed a five-headed hydra
 11523 | D:9      | Noticed a manticore
 11590 | D:9      | Noticed Maurice
 11601 | D:9      | Killed Maurice
 11806 | D:9      | Found a staircase to the Orcish Mines.
 12261 | D:10     | Entered Level 10 of the Dungeon
 12264 | D:10     | Identified the +10 arbalest of the Mouth {flame, rF+ rC+}
 12264 | D:10     | Noticed a manticore
 12269 | D:10     | Killed a manticore
 12368 | D:10     | Reached ** piety under Hepliaklqana
 12369 | D:10     | Remembered your ancestor Fuaf as a battlemage
 12451 | D:10     | Noticed Fannar
 12458 | D:10     | Killed Fannar
 12482 | D:10     | Noticed a two-headed ogre
 12488 | D:10     | Killed a two-headed ogre
 12489 | D:10     | Reached skill level 5 in Air Magic
 12741 | D:10     | Noticed a +0 hand axe
 12741 | D:10     | Noticed a +0 hand axe
 12742 | D:10     | Found a hide-covered altar of Uskayaw.
 12831 | D:10     | Reached skill level 5 in Alchemy
 12836 | D:10     | Reached skill level 5 in Conjurations
 12890 | D:10     | Noticed a centaur warrior
 12890 | D:10     | Noticed a purple ugly thing
 13129 | D:10     | Reached XP level 12. HP: 78/80 MP: 21/21
 13132 | D:10     | Found a staircase to the Lair.
 13362 | D:11     | Reached skill level 5 in Invocations
 13415 | D:11     | Reached *** piety under Hepliaklqana
 13676 | D:11     | Noticed Harold
 13681 | D:11     | Killed Harold
 13857 | Lair:1   | Entered Level 1 of the Lair of Beasts
 13902 | Lair:1   | Learned a level 5 spell: Fireball
 13920 | Lair:1   | Noticed a catoblepas
 13926 | Lair:1   | Killed a catoblepas
 14165 | Lair:1   | Found an ornate altar of the Wu Jian Council.
 14806 | Lair:2   | Noticed a skyshark
 14817 | Lair:2   | Killed a skyshark
 15027 | Lair:2   | Reached XP level 13. HP: 87/87 MP: 23/23
 15260 | Lair:2   | Found a transporter.
 15265 | Lair:2   | Found a bloodstained altar of Trog.
 15279 | Lair:2   | Noticed Chant0's ghost (journeyman MiFi)
 15281 | Lair:2   | Reached **** piety under Hepliaklqana
 15311 | Lair:2   | Found a staircase to the Shoals.
 15638 | Lair:2   | Found a transporter.
 15691 | Lair:2   | Identified the +0 spear of Taxation {protect, Will+ Int+4
                  | Dex-2 Stlth+}
 16535 | Lair:3   | Found a hole to the Spider Nest.
 16649 | Lair:3   | Found a dark tunnel.
 16658 | Volcano  | Entered a volcano
 16762 | Volcano  | Noticed an orb of fire
 16764 | Volcano  | Noticed an orb of fire
 17896 | Lair:4   | Found a gate leading to a gauntlet.
 17905 | Gauntlet | Entered a Gauntlet
 17905 | Gauntlet | Found a transporter.
 17905 | Gauntlet | Found a transporter.
 17905 | Gauntlet | Found a transporter.
 17920 | Gauntlet | Found a transporter.
 17923 | Gauntlet | Found a transporter.
 17929 | Gauntlet | Found a runed translucent gate.
 17929 | Gauntlet | Found a runed translucent gate.
 17929 | Gauntlet | Found a runed translucent gate.
 17931 | Gauntlet | Found a transporter.
 17934 | Gauntlet | Found a transporter.
 17938 | Gauntlet | Found a runed translucent door.
 17940 | Gauntlet | Found a runed translucent door.
 17942 | Gauntlet | Found a transporter.
 17960 | Gauntlet | Found a transporter.
 17965 | Gauntlet | Found a transporter.
 17967 | Gauntlet | Found a transporter.
 17998 | Gauntlet | Reached ***** piety under Hepliaklqana
 18027 | Gauntlet | Found a transporter.
 18074 | Gauntlet | Learned a level 5 spell: Summon Mana Viper
 18076 | Gauntlet | Reached XP level 14. HP: 95/95 MP: 25/25
 18081 | Gauntlet | Reached skill level 1 in Summonings
 18101 | Gauntlet | Reached skill level 2 in Summonings
 18332 | Gauntlet | Reached skill level 3 in Summonings
 18333 | Gauntlet | Identified the ring "Omnus" {Will+ Str+5 Dex+5}
 18422 | Gauntlet | Identified the +4 hand axe of the Tent {spect, Str+2 Int+5}
 18539 | Gauntlet | Got the Incunabulum of Glamour
 18594 | Lair:4   | Reached skill level 4 in Summonings
 18602 | Lair:4   | Reached skill level 5 in Summonings
 18607 | Lair:4   | Upgraded the game from 0.32-a0-675-gdc239d62e1 to
                  | 0.32-a0-685-g93135e86f0
 18815 | Lair:4   | Reached skill level 6 in Summonings
 19340 | Lair:4   | Reached skill level 7 in Summonings
 19657 | Lair:5   | Entered Level 5 of the Lair of Beasts
 19666 | Lair:5   | Reached skill level 8 in Summonings
 20323 | Lair:5   | Reached skill level 9 in Summonings
 20586 | Lair:5   | Reached skill level 10 in Summonings
 20685 | Lair:5   | Noticed a dire elephant
 20686 | Lair:5   | Noticed a dire elephant
 20745 | Lair:5   | Noticed a dire elephant
 20754 | Lair:5   | Killed a dire elephant
 21600 | D:1      | Bought a manual of Armour for 1120 gold pieces
 21962 | Lair:5   | Found a staircase to the Slime Pits.
 21976 | Lair:5   | Slain by a yak

Illustrated notes

Levels and vault maps discovered:
D:1:      scummos_arrival_checkerplants, layout_basic, serial_shops, shop,
          minmay_statues_item
D:2:      layout_rooms, serial_corexii_hall, corexii_hall_statues_s,
          corexii_hall_statues_i, chequers_hall_statues_corner_a,
          corexii_hall_statues_s
D:3:      layout_rooms, serial_bayou_pond_c, serial_bayou_ford_a,
          interstate_on_off, uniq_ijyb, uniq_jessica, uniq_robin
D:4:      layout_cave_pods, grunt_temple_overflow_opulence,
          nicolae_ashenzari_panopticon, st_stairs_8,
          nicolae_twisty_statue_hallways
D:5:      layout_rooms, kennysheep_crisscross, uniq_crazy_yiuf_cottage
D:6:      layout_loops_ring, mainiacjoe_overflow_divided_tiny,
          grunt_ministairs_11, uniq_pikel, uniq_sigmund
D:7:      layout_basic, mainiacjoe_overflow_tiny_flanked,
          mainiacjoe_overflow_cross_hatched, minmay_temple_entry_wispy,
          enter_bailey_5
D:8:      minmay_goldmine, layout_basic, nicolae_overflow_squiral,
          kennysheep_mini_moat, minmay_hedge_maze
D:9:      layout_basic, kennysheep_orc_monster_closet_entryway,
          grunt_decor_junction, onia_ninara_dug_in_and_dangerous, uniq_maurice
D:10:     layout_irregular_city, dancing_weapons_uskayaw,
          erik_lair_orcish_takeover, grunt_tough_drop, uniq_fannar
D:11:     layout_irregular_city, uniq_harold
Lair:1:   layout_gridlike, lemuel_centaur_altar, grunt_megastairs_5
Lair:2:   layout_cave_shapes, minmay_shoals_entry_lonely_mermaid, serial_forest,
          infiniplex_forest_straight_4, infiniplex_forest_end_2,
          infiniplex_forest_lined_room_3, infiniplex_forest_clump_curved,
          infiniplex_forest_end_2, infiniplex_forest_clump_small,
          infiniplex_forest_straight_2, infiniplex_forest_clump_small,
          infiniplex_forest_end_2, gammafunk_ghost_wrathful_warriors,
          beast_lair_carwin_3, serial_bayou_shore_a, grunt_megastairs_3,
          lemuel_fruit_tree
Lair:3:   layout_regular_city, spider_nest_entry_rubble,
          nicolae_volcano_entry_lava_flow
Lair:4:   layout_gridlike, gauntlet_entry_generic, eino_house_with_fridge
Lair:5:   due_jungle_book, layout_misc_corridors, minmay_slime_entry_pillars,
          worms_lemuel

Skill      XL: |  1  2  3  4  5  6  7  8  9 10 11 12 13 14 |
---------------+-------------------------------------------+-----
Fighting       | 2 3 4 5 6 7 8 |  8.8
Fire Magic     | 2 3 4 5 6 7 |  7.0
Spellcasting   | 2 3 4 5 6 7 |  7.9
Ranged Weapons | 3 4 5 6 7 8 9 |  9.1
Dodging        | 3 4 5 6 7 8 |  8.9
Hexes          | 4 5 6 7 8 9 |  9.0
Conjurations   | 1 3 5 6 7 |  7.0
Translocations | 1 3 |  3.0
Alchemy        | 1 3 4 5 |  5.0
Invocations    | 1 3 4 6 7 |  7.5
Air Magic      | 3 5 |  5.0
Summonings     | 10 | 10.6
Armour         | |  0.3
Stealth        | |  0.5

Action                     |  1- 3 |  4- 6 |  7- 9 | 10-12 | 13-15 || total
---------------------------+-------+-------+-------+-------+-------++-------
  Melee: Dagger            |     7 |       |       |    21 |       ||    28
         Long sword        |       |       |       |       |     9 ||     9
   Fire: Sling             |   145 |   147 |   373 |   242 |       ||   907
         Arbalest          |       |       |       |   186 |   381 ||   567
  Throw: Dart              |       |       |       |     1 |       ||     1
   Cast: Jinxbite          |     1 |    23 |    64 |    40 |       ||   128
         Mephitic Cloud    |       |       |    13 |    13 |    37 ||    63
         Inner Flame       |       |       |     5 |    24 |       ||    29
         Fireball          |       |       |       |     2 |    22 ||    24
         Summon Mana Viper |       |       |       |       |     3 ||     3
 Invoke: Ancestor Life: Ba |       |       |       |     1 |       ||     1
         Recall Ancestor   |       |       |       |       |     1 ||     1
  Evoke: Wand              |       |       |       |     3 |     2 ||     5
    Use: Scroll            |       |     5 |     4 |    18 |     5 ||    32
         Potion            |       |     1 |       |     4 |     6 ||    11
 Armour: Robe              |    53 |    73 |       |       |       ||   126
         Leather armour    |       |    16 |   131 |   169 |   215 ||   531
         Fire dragon scale |       |       |       |       |    28 ||    28
  Dodge: Dodged            |    55 |    84 |   159 |   133 |   280 ||   711

Table legend: (Time is in decaauts)
 A = Elapsed time spent in this place.
 B = Non-inter-level travel time spent in this place.
 C = Inter-level travel time spent in this place.
 D = Time resting spent in this place.
 E = Time spent auto-exploring this place.
 F = Levels seen in this place.
 G = Mean time per level.
                   A        B        C        D        E       F      G
               +--------+--------+--------+--------+--------+-----+--------+
         Total |  22565 |  21144 |   1421 |   6591 |   9659 |  19 | 1187.6 |
       Dungeon |  13863 |  12802 |   1061 |   3753 |   6689 |  11 | 1260.3 |
          Lair |   6518 |   6158 |    360 |   1750 |   2849 |   5 | 1303.6 |
        Bailey |    801 |    801 |      0 |    461 |      9 |   1 |  801.0 |
       Volcano |    727 |    727 |      0 |    327 |    110 |   1 |  727.0 |
      Gauntlet |    654 |    654 |      0 |    300 |      0 |   1 |  654.0 |
               +--------+--------+--------+--------+--------+-----+--------+

Top non-repeatable levels by time:
  Lair:4: 2209 daAuts
     D:6: 1933 daAuts
     D:8: 1625 daAuts
     D:2: 1516 daAuts
     D:9: 1351 daAuts
  Lair:2: 1344 daAuts
     D:4: 1342 daAuts
     D:5: 1269 daAuts
     D:3: 1253 daAuts
  Lair:3: 1197 daAuts
  Lair:1: 1061 daAuts
     D:7: 1059 daAuts
    D:10: 1041 daAuts
     D:1: 810 daAuts
  Bailey: 801 daAuts
